 Dungeon Crawl Stone Soup version 0.30-a0-779-g7971cf19c3 (webtiles) character file.

Game seed: 16597768957009127740

7 DEFE the Ducker (level 1, -1/16 HPs)
             Began as a Demonspawn Wanderer on Feb 17, 2023.
             Slain by a quokka (4 damage)
             ... on level 1 of the Dungeon.
             The game lasted 00:00:28 (175 turns).

DEFE the Ducker (Demonspawn Wanderer)                Turns: 175, Time: 00:00:28

Health: -1/16      AC:  5    Str:  9    XL:     1   Next: 91%
Magic:  3/3        EV: 13    Int: 12    God:
Gold:   0          SH:  0    Dex: 16    Spells: 4/4 levels left

rFire   . . .      SeeInvis .    a - +0 dagger
rCold   . . .      Faith    .    (no shield)
rNeg    . . .      Spirit   .    d - +2 leather armour
rPois   .          Reflect  .    (no helmet)
rElec   .          Harm     .    (no cloak)
rCorr   .          Rampage  .    (no gloves)
Will    .....                    (no boots)
Stlth   +                        (no amulet)
HPRegen 0.22/turn                (no ring)
MPRegen 0.08/turn                (no ring)

@: no status effects
A: no striking features
a: no special abilities


You were on level 1 of the Dungeon.
You visited 1 branch of the dungeon, and saw 1 of its levels.

Inventory:

Hand Weapons
 a - a +0 dagger (weapon)
Armour
 d - a +2 leather armour (worn)
Scrolls
 f - a scroll of magic mapping {unknown}
Potions
 b - 3 potions of lignification
 c - a potion of heal wounds
 e - a potion of curing {unknown}
 g - a potion of degeneration {unknown}


   Skills:
 + Level 2.0 Fighting
 - Level 4.5 Dodging
 - Level 2.0 Spellcasting
 - Level 1.0 Translocations
 - Level 1.0 Evocations


You had 4 spell levels left.
You didn't know any spells.
Your spell library contained the following spells:

 Spells                   Type           Power      Damage    Failure   Level
 Blink                    Tloc           6%         N/A       36%         2
 Lesser Beckoning         Tloc           6%         N/A       36%         2


Dungeon Overview and Level Annotations

Branches:
Dungeon (1/15)

Altars:


Message History

You take 2 damage, and have 6/16 hp.
You barely miss the hobgoblin. The hobgoblin hits you.
You completely miss the hobgoblin.
The hobgoblin hits you but does no damage.
You closely miss the hobgoblin.
The hobgoblin hits you but does no damage.
You barely miss the hobgoblin. The hobgoblin barely misses you.
You barely miss the hobgoblin.
The hobgoblin hits you but does no damage.
You hit the hobgoblin.
You kill the hobgoblin!
The bat closely misses you. x2
You miss the bat. The bat misses you. x2
You barely miss the bat. The bat closely misses you.
The bat hits you but does no damage.
You hit the bat. The bat barely misses you. The bat closely misses you.
You closely miss the bat. The bat hits you.
The bat hits you but does no damage.
You take 1 damage, and have 6/16 hp.
You hit the bat.
You kill the bat!
Your Fighting skill increases to level 2!
You hit the quokka but do no damage.
The quokka bites you but does no damage.
You closely miss the quokka. The quokka bites you.
You take 2 damage, and have 5/16 hp.
You barely miss the quokka. The quokka misses you.
You hit the quokka. The quokka barely misses you. The quokka misses you.
You hit the quokka. Your punch misses the quokka.
The quokka twitches its whiskers.
The quokka bites you but does no damage.
You closely miss the quokka. The quokka barely misses you.
You closely miss the quokka. The quokka bites you.
* * * LOW HITPOINT WARNING * * *
You take 4 damage, and have 2/16 hp.
MASSIVE DAMAGE!!
You hit the quokka but do no damage. The quokka closely misses you.
Unknown command.
You hit the quokka but do no damage. The quokka bites you.
You die...

.............#
#.#.#.###.##.##.#
.......#.##J#
.#.# #.#.##g##
... #..†)...#
..#####.##g.# #
##.......##..#.#
#..#####.##g.#.#
#@# #.b.....# #r#
#.##..#.#
#g#####J##..#.#
#gJ†brgg......#
########.#....#
#.#.##.# #.#.##.#
####.#.##.#
#......##.#


You could see an endoplasm, a quokka, a hobgoblin and a goblin.

Vanquished Creatures
  2 bats (D:1)
  A giant cockroach (D:1)
  A hobgoblin (D:1)
  2 ball pythons (D:1)
  A kobold (D:1)
7 creatures vanquished.

Notes
Turn   | Place    | Note
-------+----------+-------------------------------------------
     0 | D:1      | DEFE the Demonspawn Wanderer began the quest for the Orb.
     0 | D:1      | DEFE set off with the following items: a +0 dagger, a
                  | potion of lignification, a potion of heal wounds, a +2
                  | leather armour; and the following spells available to
                  | memorise: Blink, Lesser Beckoning.
     0 | D:1      | Reached XP level 1. HP: 15/15 MP: 3/3
   175 | D:1      | Slain by a quokka

Illustrated notes

Levels and vault maps discovered:
D:1:      spicycebolla_arrival_ecumenical, layout_loops_ring, serial_forest,
          infiniplex_forest_clump_tiny, infiniplex_forest_straight_2,
          infiniplex_forest_clump_medium, infiniplex_forest_end_1,
          infiniplex_forest_clump_tiny, due_unseen_surprise

Skill      XL: |  1 |
---------------+----+-----
Fighting       | 2 |  2.0
Dodging        | |  4.5
Spellcasting   | |  2.0
Translocations | |  1.0
Evocations     | |  1.0

Action                     || total
---------------------------++-------
  Melee: Dagger            ||    50
 Armour: Leather armour    ||    34
  Dodge: Dodged            ||    70

Table legend: (Time is in decaauts)
 A = Elapsed time spent in this place.
 B = Non-inter-level travel time spent in this place.
 C = Inter-level travel time spent in this place.
 D = Time resting spent in this place.
 E = Time spent auto-exploring this place.
 F = Levels seen in this place.
 G = Mean time per level.
                   A        B        C        D        E       F      G
               +--------+--------+--------+--------+--------+-----+--------+
         Total |    175 |    175 |      0 |     45 |     43 |   1 |  175.0 |
       Dungeon |    175 |    175 |      0 |     45 |     43 |   1 |  175.0 |
               +--------+--------+--------+--------+--------+-----+--------+

Top non-repeatable levels by time:
     D:1: 175 daAuts
